 Dungeon Crawl Stone Soup version 0.26.1-15-g04117e645d (webtiles) character file.

Game seed: 9724627714773524998

1020 Froggeryz the Slicer (level 8, 0/50 HPs)
             Began as an Octopode Brigand on Mar 3, 2022.
             Was an Initiate of Gozag.
             Killed from afar by a white imp (9 damage)
             ... with a puff of frost
             ... on level 6 of the Dungeon.
             The game lasted 00:11:06 (8375 turns).

Froggeryz the Slicer (Octopode Brigand)             Turns: 8375, Time: 00:11:06

Health: 0/50       AC:  1    Str: 12    XL:     8   Next: 22%
Magic:  8/8        EV: 13    Int: 19    God:    Gozag
Gold:   769        SH:  0    Dex: 14    Spells: 7/7 levels left

rFire    . . .     SeeInvis .   I - +2 short sword (speed)
rCold    . . .     Faith    .   (no shield)
rNeg     . . .     Spirit   .   p - +0 hat
rPois    .         Reflect  .   (no amulet)
rElec    .         Harm     .   n - +6 ring of intelligence
rCorr    .         Rampage  .   (no ring)
Will     .....                  (no ring)
Stlth    ++++......             (no ring)
HPRegen  0.16/turn              (no ring)
MPRegen  0.11/turn              (no ring)
                                (no ring)
                                (no ring)

@: no status effects
A: almost no armour, stealthy swim, amphibious, 8 rings, constrict 8, camouflage
1, gelatinous body 1
a: Renounce Religion, Potion Petition, Call Merchant, Bribe Branch


You were on level 6 of the Dungeon.
You worshipped Gozag.
Gozag was pleased with you.
You visited 1 branch of the dungeon, and saw 6 of its levels.
You also visited: Sewer.

You collected 797 gold pieces.
You paid 28 gold pieces to Gozag.

Inventory:

Hand Weapons
 I - a +2 short sword of speed (weapon)
Missiles
 b - 29 poisoned darts (quivered)
 c - 2 curare-tipped darts
 r - 2 throwing nets
 z - 5 boomerangs
 A - 7 javelins
Armour
 p - a +0 hat (worn)
Magical Staves
 u - an uncursed staff of poison
Jewellery
 k - a cursed ring of ice
 n - a +6 ring of intelligence (left tentacle)
Wands
 v - a wand of enslavement (9)
 y - a wand of polymorph (10)
 B - a wand of paralysis (12)
Scrolls
 e - a scroll of enchant armour {unknown}
 f - 3 scrolls of teleportation
 j - 2 scrolls of remove curse
 o - 3 scrolls of magic mapping
 s - a scroll of noise {unknown}
 t - 2 scrolls of enchant weapon {unknown}
 x - a scroll of random uselessness {unknown}
 F - 3 scrolls of immolation {unknown}
 H - a scroll of amnesia {unknown}
Potions
 g - 2 potions of degeneration {unknown}
 h - 2 potions of curing
 i - 2 potions of attraction
 l - 2 potions of might {unknown}
 m - a potion of invisibility {unknown}
 q - a potion of lignification {unknown}
 C - a potion of flight {unknown}
 E - a potion of haste {unknown}
 G - a potion of heal wounds {unknown}
Miscellaneous
 D - a phantom mirror


   Skills:
 - Level 2.0 Fighting
 * Level 8.8 Short Blades
 - Level 2.0 Throwing
 + Level 1.7 Dodging
 - Level 7.1 Stealth


You had 7 spell levels left.
You didn't know any spells.
Your spell library was empty.

Dungeon Overview and Level Annotations

Branches:
Dungeon (6/15)             Temple (0/1) D:5           Sewer (visited)

Altars:
Ashenzari
Cheibriados
Fedhas
Gozag
Hepliaklqana
Kikubaaqudgha
Okawaru
Wu Jian
Zin


Innate Abilities, Weirdness & Mutations

You cannot wear most types of armour.
You are very stealthy in the water. (Stealth+)
You are amphibious.
You can wear up to eight rings at the same time.
You can use your tentacles to constrict eight enemies at once.
Your skin changes colour to match your surroundings (Stealth+).
Your rubbery body absorbs attacks. (AC +1, EV +1)


Message History

The arrow hits you!
* * * LOW HITPOINT WARNING * * *
You see here an arrow.
You see here an arrow.
As you read the scroll of teleportation, it crumbles to dust.
You feel strangely unstable.
An ice beast comes into view.
Your surroundings suddenly seem different.
A hound comes into view.
A quokka comes into view. 3 orcs come into view.
Found a rat corpse.
A white imp comes into view.
The white imp shouts, "Away with thee, thou foisting sheep-biting nightsoil!"
The quokka bites you.
* * * LOW HITPOINT WARNING * * *
The white imp gestures at you. The puff of frost hits you!
You die...
Your body crumbles into a pile of gold.

#.......$## ####.#
#.........# ....##
#.........#
######....########+#<#.#
..........#.........$.h#
..5....................#
..........#....([......#
..........#.......(....#
......r@...............#
.....####..####..)...$.#
... ##..# #./......# .
##..##........#
..##........#
.###........# .#
#......... †o #.......#


oo You could see a white imp and a quokka.

Vanquished Creatures
  Purgy (Sewer)
  A centaur (D:6)
  A bullfrog (D:5)
  A gnoll sergeant (D:4)
  2 hounds
  Crazy Yiuf (D:2)
  2 iguanas
  7 orc wizards
  2 worker ants
  A worker ant zombie (D:5)
  14 gnolls
  2 adders
  A shadow imp (D:5)
  A white imp (D:5)
  An ooze (D:4)
  An adder skeleton (D:4)
  5 worms
  5 dart slugs
  2 leopard geckos (D:5)
  12 orcs
  A ball python (D:5)
  10 bats
  5 giant cockroaches
  5 goblins
  4 hobgoblins
  9 jackals
  A quokka (D:2)
  5 frilled lizards
  3 kobolds (D:1)
  A leopard gecko zombie (D:5)
  A quokka skeleton (D:5)
  10 rats
118 creatures vanquished.

Vanquished Creatures (collateral kills)
  A centaur zombie (D:6)
  An orc wizard (D:6)
  3 orcs (D:6)
5 creatures vanquished.

Grand Total: 123 creatures vanquished

Notes
Turn   | Place    | Note
-------+----------+-------------------------------------------
     0 | D:1      | Froggeryz the Octopode Brigand began the quest for the Orb.
     0 | D:1      | Reached XP level 1. HP: 14/14 MP: 1/1
    69 | D:1      | Reached XP level 2. HP: 19/19 MP: 2/2
   304 | D:1      | Found a broken altar of Ashenzari.
   432 | D:1      | Reached skill level 3 in Short Blades
   566 | D:1      | Reached XP level 3. HP: 24/24 MP: 3/3
  1034 | D:2      | Reached XP level 4. HP: 29/29 MP: 4/4
  1154 | D:2      | Found an opulent altar of Gozag.
  1385 | D:2      | Reached skill level 4 in Short Blades
  1881 | D:2      | Reached XP level 5. HP: 34/34 MP: 5/5
  2035 | D:2      | Found a runed translucent door.
  2036 | D:2      | Noticed Crazy Yiuf
  2086 | D:2      | Killed Crazy Yiuf
  2946 | D:3      | Found a glowing silver altar of Zin.
  2946 | D:3      | Noticed an angel
  2981 | D:3      | Found an ancient bone altar of Kikubaaqudgha.
  3376 | D:2      | Became a worshipper of Gozag Ym Sagoz the Greedy
  3655 | D:3      | Reached skill level 5 in Short Blades
  3655 | D:3      | Reached XP level 6. HP: 11/39 MP: 6/6
  5516 | D:4      | Reached skill level 6 in Short Blades
  5594 | D:4      | Reached XP level 7. HP: 24/45 MP: 7/7
  6055 | D:4      | Found an ornate altar of the Wu Jian Council.
  6110 | D:5      | Entered Level 5 of the Dungeon
  6226 | D:5      | Found a snail-covered altar of Cheibriados.
  6272 | D:5      | Reached skill level 7 in Short Blades
  6276 | D:5      | Found a staircase to the Ecumenical Temple.
  6517 | D:5      | Found a glowing drain.
  6528 | Sewer    | Entered a sewer
  6710 | Sewer    | Noticed Purgy
  6717 | Sewer    | Killed Purgy
  7010 | D:5      | Found a blossoming altar of Fedhas.
  7025 | D:4      | Reached skill level 8 in Short Blades
  7303 | D:5      | Reached XP level 8. HP: 44/50 MP: 8/8
  7546 | D:5      | Found a hazy altar of Hepliaklqana.
  8324 | D:6      | Found an iron altar of Okawaru.
  8375 | D:6      | Killed from afar by a white imp

Illustrated notes

Levels and vault maps discovered:
D:1:      dpeg_arrival_tiny_b, layout_loops_ring, evilmike_ruin_ashenzari
D:2:      layout_basic, general_overflow_altar, st_stairs_12,
          uniq_crazy_yiuf_cottage
D:3:      layout_basic, lemuel_coloured_pillars_altar, zin_angel
D:4:      layout_rooms, old_standard_altar
D:5:      layout_loops_ring, lemuel_crystal_altar, cheibrodos_worm_habitat,
          lemuel_crystal_altar, minmay_temple_entry_arrows, portal_sewer_entry_e
D:6:      layout_basic, okawaru_ov_weapons_minmay, lightli_orcish_oven

Skill      XL: |  1  2  3  4  5  6  7 |
---------------+----------------------+-----
Short Blades   | 3 4 5 6 8 |  8.8
Stealth        | 6 7 |  7.1
Fighting       | |  2.0
Throwing       | |  2.0
Dodging        | |  1.7

Action                   |  1- 3 |  4- 6 |  7- 9 || total
-------------------------+-------+-------+-------++-------
Melee: Dagger            |    41 |    94 |   130 ||   265
       Constrict         |     7 |    24 |    30 ||    61
       Tentacles         |     3 |    23 |    38 ||    64
       Short sword       |       |       |     1 ||     1
Throw: Dart              |       |    55 |     2 ||    57
       Throwing net      |       |     1 |       ||     1
Evoke: Wand              |       |       |     1 ||     1
  Use: Scroll            |       |     6 |     2 ||     8
       Potion            |       |     3 |       ||     3
 Stab: Sleeping          |    13 |     8 |    13 ||    34
       Held in net/web   |       |     1 |       ||     1
       Distracted        |       |     1 |       ||     1
Armor: Skin              |     4 |     3 |     8 ||    15
Dodge: Dodged            |    17 |    59 |    73 ||   149
